 Dungeon Crawl Stone Soup version 0.14.0-26-g1682e81 (webtiles) character file.

1110 Heini the Cleaver (level 8, 0/71 HPs)
             Began as a Hill Orc Fighter on Apr 27, 2014.
             Succumbed to poison (a potion of poison)
             ... on Level 5 of the Dungeon.
             The game lasted 00:13:14 (4003 turns).

Heini the Cleaver (Hill Orc Fighter)                Turns: 4003, Time: 00:13:14

HP   0/71        AC 21     Str 21      XL: 8   Next:  9%
MP   8/8         EV  6     Int  8      God:
Gold 198         SH  0     Dex 10      Spells:  0 memorised,  7 levels left

rFire  . . .     SeeInvis .     m - +0 battleaxe
rCold  . . .     Clarity  .     y - +0 plate armour
rNeg   . . .     Conserve .     (no shield)
rPois  .         rCorr    .     (no helmet)
rElec  .         rRot     .     (no cloak)
SustAb . .       Spirit   .     r - +0 pair of gloves (curse)
rMut   .         Warding  .     e - +0 pair of boots
Saprov + . .     Stasis   .     (no amulet)
MR     +....                    l - +6 ring of protection
                                j - ring of protection from magic

@: lethally poisoned, somewhat resistant to hostile enchantments, extremely
unstealthy
A: saprovore 1
a: no special abilities


You were on level 5 of the Dungeon.
You were hungry.

You visited 1 branch of the dungeon, and saw 5 of its levels.

You collected 198 gold pieces.

Inventory:

Hand weapons
 a - a +0,+0 war axe
 m - a +0,+0 battleaxe (weapon)
Armour
 b - a +0 scale mail
 c - a +0 shield
 e - a +0 pair of boots (worn)
 n - a +1 pair of gloves
 r - a cursed +0 pair of gloves (worn)
 y - a +0 plate armour (worn)
Magical devices
 k - a wand of heal wounds (2) {unknown}
 u - a wand of polymorph (16)
Comestibles
 d - 3 meat rations
 q - 2 bread rations
Scrolls
 f - a scroll of amnesia {unknown}
 g - 3 scrolls of identify
 i - 2 scrolls of teleportation
 p - a scroll of remove curse
Jewellery
 j - a ring of protection from magic (left hand)
 l - a +6 ring of protection (right hand)
Potions
 h - a potion of agility
 A - 2 potions of cure mutation
Books
 s - a Necronomicon {highlevel, unknown}

   This book is beyond your current level of understanding.

   Spells                             Type                      Level
   Haunt                              Necromancy/Summoning         7
   Borgnjor's Revivification          Necromancy                   8
   Death's Door                       Charms/Necromancy            8
   Necromutation                      Transmutation/Necromancy     8


   Skills:
 * Level 6.5 Fighting
 * Level 8.2 Axes
 * Level 6.3 Armour
   Level 3.2 Shields


You had 7 spell levels left.
You didn't know any spells.

Dungeon Overview and Level Annotations

Branches:
Dungeon (5/15)
 Temple: D:4-7

Altars:
Kikubaaqudgha
Nemelex Xobeh
Yredelemnul
Zin
The Shining One

Shops:
D:5 (

Annotations:
D:5 Dowan


Innate Abilities, Weirdness & Mutations

You can tolerate rotten meat.


Message History

You feel sick.
Dowan casts a spell.
Dowan blinks!
* * * LOW HITPOINT WARNING * * *
You feel sick.
* * * LOW HITPOINT WARNING * * *
You feel sick.
* * * LOW HITPOINT WARNING * * *
You feel sick.
Drink which item? (? for menu, Esc to quit)
That liquid tasted very nasty...
You are more poisoned.
It was a potion of poison.
* * * LOW HITPOINT WARNING * * *
You feel sick.
Dowan shakes with grief.
Dowan mumbles some strange words.
Dowan blinks!
* * * LOW HITPOINT WARNING * * *
You feel sick.
You die...

........##....#######
.............e......#
###.....####.####...#
.................).#
#.....####.####...#
.....# #(# ##..# ###.#
#.#####..###
##.####.#..(.....#
...........@.e....#
#######.####.#........#
################.......#
§§....§........#.......#
##############§#.......#
§§§§§§..§§§§§§§#.......#
###################.####
....................#
..#........##.......#


You could see Dowan.

Vanquished Creatures
  The ghost of timbw the Basher, an average OgHu (D:4)
  2 ogres (D:5)
  Duvessa (D:5)
  2 scorpions
  A giant frog (D:5)
  A crimson imp (D:5)
  An iguana (D:4)
  2 hounds (D:4)
  2 worker ants
  2 adders (D:3)
  A big fish zombie (D:2)
  An adder skeleton (D:5)
  A giant eyeball (D:4)
  3 giant geckos
  An ooze (D:1)
  3 orcs
  2 bat zombies (D:2)
  5 giant cockroaches
  8 hobgoblins
  12 jackals
  9 kobolds
  A ball python (D:1)
  13 bats
  A giant newt (D:1)
  9 goblins
  A hobgoblin skeleton (D:4)
  A jackal skeleton (D:4)
  A quokka skeleton (D:4)
  17 rats
  2 rat zombies (D:2)
107 creatures vanquished.

Vanquished Creatures (others)
  A bat (D:5)
1 creature vanquished.

Grand Total: 108 creatures vanquished

Notes
Turn   | Place    | Note
--------------------------------------------------------------
     0 | D:1      | Heini, the Hill Orc Fighter, began the quest for the Orb.
     0 | D:1      | Reached XP level 1. HP: 19/19 MP: 1/1
   126 | D:1      | Reached XP level 2. HP: 22/27 MP: 2/2
   615 | D:1      | Found a glowing silver altar of Zin.
   864 | D:2      | Reached skill level 4 in Armour
   890 | D:2      | Reached XP level 3. HP: 33/33 MP: 3/3
  1201 | D:2      | Found a basalt altar of Yredelemnul.
  1544 | D:2      | Found an ancient bone altar of Kikubaaqudgha.
  1598 | D:2      | Reached XP level 4. HP: 32/40 MP: 4/4
  1862 | D:3      | Found a glowing golden altar of the Shining One.
  2695 | D:4      | Paralysed by a giant eyeball for 3 turns
  2701 | D:4      | Paralysed by a giant eyeball for 4 turns
  2707 | D:4      | Paralysed by a giant eyeball for 2 turns
  2738 | D:4      | Reached XP level 5. HP: 47/47 MP: 5/5
  2764 | D:4      | Noticed timbw's ghost (average OgHu)
  2772 | D:4      | Killed timbw's ghost
  2772 | D:4      | Reached skill level 5 in Fighting
  2772 | D:4      | Reached skill level 6 in Axes
  2772 | D:4      | Reached skill level 5 in Armour
  2772 | D:4      | Reached XP level 6. HP: 51/56 MP: 6/6
  2913 | D:4      | Found a sparkling altar of Nemelex Xobeh.
  3099 | D:4      | Reached XP level 7. HP: 60/62 MP: 7/7
  3311 | D:5      | Entered Level 5 of the Dungeon
  3311 | D:5      | Noticed Duvessa
  3311 | D:5      | Noticed Dowan
  3700 | D:5      | Found Azo Tiso's Weapon Emporium.
  3727 | D:5      | Reached skill level 7 in Axes
  3893 | D:5      | Reached skill level 8 in Axes
  3957 | D:5      | Reached XP level 8. HP: 55/71 MP: 8/8
  3973 | D:5      | Killed Duvessa
  4002 | D:5      | HP: 2/71 [poison (a potion of poison)]
  4003 | D:5      | Succumbed to poison (a potion of poison)

Action                   |  1- 3 |  4- 6 |  7- 9 || total
-------------------------+-------+-------+-------++-------
Melee: War axe           |    75 |       |       ||    75
       Battleaxe         |    78 |   134 |    67 ||   279
Evoke: Wand              |       |     1 |       ||     1
  Use: Scroll            |       |     7 |     3 ||    10
       Potion            |       |     1 |     2 ||     3
